TOP OF THE 1ST |
Cleveland Indians batting - Pitching for Baltimore Orioles : LHP Drew Smyly
|
Pitching: LHP Drew Smyly
|
|
Batting: SHB Jose Ramirez
|
0-0: Ball 1-0: Foul Ball, location: 2F 1-1: Ball 2-1: Fly out, F7 (Flyball, 7D, EV 103.8 MPH)
|
Batting: LHB Christian Yelich
|
0-0: Ball 1-0: Ball 2-0: Ground out 6-3 (Groundball, 6, EV 90.6 MPH)
|
Batting: RHB J.D. Martinez
|
0-0: Ball 1-0: Called Strike 1-1: Ball 2-1: Foul Ball, location: 2F 2-2: Strikes out swinging
|
Top of the 1st over - 0 runs, 0 hits, 0 errors, 0 left on base; Cleveland 0 - Baltimore 0 |
BOTTOM OF THE 1ST |
Baltimore Orioles batting - Pitching for Cleveland Indians : RHP Max Scherzer
|
Pitching: RHP Max Scherzer
|
|
Batting: RHB Albert Almora
|
0-0: Ball 1-0: Foul Ball, location: 2F 1-1: DOUBLE (Flyball, 78D, EV 102.5 MPH)
|
Batting: LHB Daniel Murphy
|
0-0: Foul Ball, location: 2F 0-1: Foul Ball, location: 2F 0-2: Ball 1-2: Ball 2-2: Fly out, F7 (Line Drive, 7D, EV 99.4 MPH)
|
Batting: SHB Asdrubal Cabrera
|
0-0: Ball 1-0: Foul Ball, location: 2F 1-1: Fly out, F9 (Line Drive, 9D, EV 92.5 MPH) Runner from 2nd tags up, SAFE at 3rd, no throw by RF
|
Batting: RHB Andrew McCutchen
|
0-0: Called Strike 0-1: Fly out, F9 (Flyball, 9, EV 85.6 MPH)
|
Bottom of the 1st over - 0 runs, 1 hit, 0 errors, 1 left on base; Cleveland 0 - Baltimore 0 |
TOP OF THE 2ND |
Cleveland Indians batting - Pitching for Baltimore Orioles : LHP Drew Smyly
|
Batting: LHB Matt Carpenter
|
0-0: Called Strike 0-1: Swinging Strike 0-2: Ball 1-2: Strikes out swinging
|
Batting: RHB Mitch Garver
|
0-0: Ball 1-0: Ball 2-0: Ball 3-0: Base on Balls
|
Batting: RHB Steven Souza Jr.
|
0-0: Ball 1-0: Called Strike 1-1: Foul Ball, location: 2F 1-2: Grounds into double play, 5-4-3 (Groundball, 56, EV 103.1 MPH)
|
Top of the 2nd over - 0 runs, 0 hits, 0 errors, 0 left on base; Cleveland 0 - Baltimore 0 |
BOTTOM OF THE 2ND |
Baltimore Orioles batting - Pitching for Cleveland Indians : RHP Max Scherzer
|
Batting: LHB Joey Votto
|
0-0: Foul Ball, location: 2F 0-1: Fly out, F7 (Line Drive, 7, EV 95.6 MPH)
|
Batting: LHB Nomar Mazara
|
0-0: Foul Ball, location: 2F 0-1: Ball 1-1: SINGLE (Line Drive, 4D, EV 103.8 MPH)
|
Batting: LHB Shohei Ohtani
|
0-0: Ball 1-0: Swinging Strike 1-1: Ball 2-1: Ball 3-1: Base on Balls Nomar Mazara to second
|
Batting: RHB Maikel Franco
|
0-0: Called Strike 0-1: Called Strike 0-2: Ball 1-2: Foul Ball, location: 2F 1-2: Foul Ball, location: 2F 1-2: Fly out, F7 (Flyball, 7S, EV 85.6 MPH)
|
Batting: RHB A.J. Ellis
|
0-0: Ball 1-0: Ball 2-0: Swinging Strike 2-1: Called Strike 2-2: Foul Ball, location: 2F 2-2: Ball 3-2: Fly out, F9 (Line Drive, 9, EV 93.1 MPH)
|
Bottom of the 2nd over - 0 runs, 1 hit, 0 errors, 2 left on base; Cleveland 0 - Baltimore 0 |
TOP OF THE 3RD |
Cleveland Indians batting - Pitching for Baltimore Orioles : LHP Drew Smyly
|
Batting: RHB Marcus Semien
|
0-0: Called Strike 0-1: Ball 1-1: Ball 2-1: SINGLE (Line Drive, 56, EV 95.6 MPH)
|
Batting: RHB Matt Chapman
|
0-0: Grounds into double play, 5-4-3 (Groundball, 5, EV 85.0 MPH)
|
Batting: LHB Adam Frazier
|
0-0: Ball 1-0: Swinging Strike 1-1: Ground out 1-3 (Groundball, 13S, EV 65.6 MPH)
|
Top of the 3rd over - 0 runs, 1 hit, 0 errors, 0 left on base; Cleveland 0 - Baltimore 0 |
BOTTOM OF THE 3RD |
Baltimore Orioles batting - Pitching for Cleveland Indians : RHP Max Scherzer
|
Batting: RHB Albert Almora
|
0-0: Ball 1-0: Ground out U3 (Groundball, 34S, EV 87.5 MPH)
|
Batting: LHB Daniel Murphy
|
0-0: Ball 1-0: Fly out, F8 (Flyball, 8LM, EV 94.4 MPH)
|
Batting: SHB Asdrubal Cabrera
|
0-0: Ground out 6-3 (Groundball, 6, EV 105.0 MPH)
|
Bottom of the 3rd over - 0 runs, 0 hits, 0 errors, 0 left on base; Cleveland 0 - Baltimore 0 |
TOP OF THE 4TH |
Cleveland Indians batting - Pitching for Baltimore Orioles : LHP Drew Smyly
|
Batting: SHB Jose Ramirez
|
0-0: Called Strike 0-1: Called Strike 0-2: Ball 1-2: Ball 2-2: Foul Ball, location: 2F 2-2: Ball 3-2: Foul Ball, location: 2F 3-2: Base on Balls
|
Batting: LHB Christian Yelich
|
0-0: Foul Ball, location: 2F 0-1: Sac Bunt to 23 - play at first, batter OUT! 3-4 Jose Ramirez to second
|
Batting: RHB J.D. Martinez
|
0-0: Called Strike 0-1: Ball 1-1: SINGLE (Line Drive, 56D, EV 107.5 MPH) Jose Ramirez to third
|
Batting: LHB Matt Carpenter
|
0-0: Ball 1-0: Swinging Strike 1-1: Swinging Strike 1-2: Ball 2-2: Ball 3-2: DOUBLE (Line Drive, 9LM, EV 104.4 MPH) Jose Ramirez scores J.D. Martinez to third Runner from 3rd tries for Home, SAFE, throw by RF to home
|
Batting: RHB Mitch Garver
|
0-0: Called Strike 0-1: Ball 1-1: Ball 2-1: Foul Ball, location: 2F 2-2: Foul Ball, location: 2F 2-2: Ball 3-2: Strikes out looking
|
Batting: RHB Steven Souza Jr.
|
0-0: Ball 1-0: Ball 2-0: Foul Ball, location: 2F 2-1: SINGLE (Groundball, 56D, EV 97.5 MPH) Matt Carpenter to third
|
Batting: RHB Marcus Semien
|
0-0: Ball 1-0: Fly out, F9 (Flyball, 9D, EV 90.0 MPH)
|
Top of the 4th over - 2 runs, 3 hits, 0 errors, 2 left on base; Cleveland 2 - Baltimore 0 |
BOTTOM OF THE 4TH |
Baltimore Orioles batting - Pitching for Cleveland Indians : RHP Max Scherzer
|
Batting: RHB Andrew McCutchen
|
0-0: Ball 1-0: Foul Ball, location: 2F 1-1: Ball 2-1: Foul Ball, location: 2F 2-2: Foul Ball, location: 2F 2-2: Foul Ball, location: 2F 2-2: Ball 3-2: SINGLE (Line Drive, 78M, EV 105.0 MPH)
|
Batting: LHB Joey Votto
|
0-0: Called Strike 0-1: Ball 1-1: Ball 2-1: Called Strike 2-2: Strikes out swinging
|
Batting: LHB Nomar Mazara
|
0-0: Ball 1-0: Swinging Strike 1-1: Called Strike 1-2: Foul Ball, location: 2F 1-2: Ball 2-2: Strikes out swinging
|
Batting: LHB Shohei Ohtani
|
0-0: Ball 1-0: Called Strike 1-1: Swinging Strike 1-2: Strikes out looking
|
Bottom of the 4th over - 0 runs, 1 hit, 0 errors, 1 left on base; Cleveland 2 - Baltimore 0 |
TOP OF THE 5TH |
Cleveland Indians batting - Pitching for Baltimore Orioles : LHP Drew Smyly
|
Batting: RHB Matt Chapman
|
0-0: Ball 1-0: Ball 2-0: SINGLE (Groundball, 4MD, EV 94.4 MPH)
|
Batting: LHB Adam Frazier
|
0-0: Ball 1-0: Called Strike 1-1: SINGLE (Groundball, 34, EV 85.6 MPH) (infield hit) Matt Chapman to second
|
Batting: SHB Jose Ramirez
|
0-0: Called Strike 0-1: Ball 1-1: Ball 2-1: Fly out, F7 (Flyball, 7LS, EV 90.0 MPH)
|
Batting: LHB Christian Yelich
|
0-0: Ball Wild Pitch! Matt Chapman to third Adam Frazier to second 1-0: Fly out, F9 (Flyball, 89S, EV 73.8 MPH)
|
Batting: RHB J.D. Martinez
|
0-0: Called Strike 0-1: Ball 1-1: Ball 2-1: Foul Ball, location: 2F 2-2: Ball 3-2: SINGLE (Line Drive, 89S, EV 99.4 MPH) Matt Chapman scores Adam Frazier to third Adam Frazier scores
|
Batting: LHB Matt Carpenter
|
0-0: Ground out 4-3 (Groundball, 4, EV 100.0 MPH)
|
Top of the 5th over - 2 runs, 3 hits, 0 errors, 1 left on base; Cleveland 4 - Baltimore 0 |
BOTTOM OF THE 5TH |
Baltimore Orioles batting - Pitching for Cleveland Indians : RHP Max Scherzer
|
Batting: RHB Maikel Franco
|
0-0: Ball 1-0: Foul Ball, location: 2F 1-1: SINGLE (Groundball, 56D, EV 103.1 MPH)
|
Batting: RHB A.J. Ellis
|
0-0: Called Strike 0-1: Ball 1-1: Foul Ball, location: 2F 1-2: Ball 2-2: Ball 3-2: Hit by Pitch Maikel Franco to second
|
Batting: RHB Albert Almora
|
0-0: SINGLE (Flyball, 9LM, EV 91.9 MPH) Maikel Franco to third A.J. Ellis to second
|
Batting: LHB Daniel Murphy
|
0-0: Ball 1-0: Ball 2-0: Called Strike 2-1: Fly out, F9 (Flyball, 9, EV 95.0 MPH) Runner from 3rd tags up, SCORES, throw by RF
|
Batting: SHB Asdrubal Cabrera
|
0-0: Grounds into double play, 4-6-3 (Groundball, 4, EV 83.1 MPH)
|
Bottom of the 5th over - 1 run, 2 hits, 0 errors, 1 left on base; Cleveland 4 - Baltimore 1 |
TOP OF THE 6TH |
Cleveland Indians batting - Pitching for Baltimore Orioles : LHP Drew Smyly
|
Batting: RHB Mitch Garver
|
0-0: Swinging Strike 0-1: Foul Ball, location: 2F 0-2: Ball 1-2: Fly out, F7 (Flyball, 7LSF, EV 95.6 MPH)
|
Batting: RHB Steven Souza Jr.
|
0-0: Foul Ball, location: 2F 0-1: Swinging Strike 0-2: Ball 1-2: Foul Ball, location: 2F 1-2: Fly out, F8 (Flyball, 78D, EV 95.0 MPH)
|
Batting: RHB Marcus Semien
|
0-0: Called Strike 0-1: Ball 1-1: Ground out 1-3 (Groundball, 34S, EV 75.0 MPH)
|
Top of the 6th over - 0 runs, 0 hits, 0 errors, 0 left on base; Cleveland 4 - Baltimore 1 |
BOTTOM OF THE 6TH |
Baltimore Orioles batting - Pitching for Cleveland Indians : RHP Max Scherzer
|
Batting: RHB Andrew McCutchen
|
0-0: Called Strike 0-1: Ball 1-1: Ball 2-1: Fly out, F7 (Line Drive, 7, EV 103.1 MPH)
|
Batting: LHB Joey Votto
|
0-0: SINGLE (Groundball, 4MS, EV 64.4 MPH) (infield hit)
|
Batting: LHB Nomar Mazara
|
0-0: Ball 1-0: Called Strike 1-1: Called Strike 1-2: Foul Ball, location: 2F 1-2: SINGLE (Groundball, 4D, EV 97.5 MPH) Joey Votto to second
|
Batting: LHB Shohei Ohtani
|
0-0: Fly out, F8 (Flyball, 8RM, EV 91.9 MPH)
|
Batting: RHB Maikel Franco
|
0-0: Foul Ball, location: 2F 0-1: Swinging Strike 0-2: Strikes out swinging
|
Bottom of the 6th over - 0 runs, 2 hits, 0 errors, 2 left on base; Cleveland 4 - Baltimore 1 |
TOP OF THE 7TH |
Cleveland Indians batting - Pitching for Baltimore Orioles : LHP Drew Smyly
|
Pitching: LHP Justin Wilson
|
|
Batting: RHB Matt Chapman
|
0-0: Fly out, F8 (Flyball, 8LS, EV 96.9 MPH)
|
Batting: LHB Adam Frazier
|
0-0: Called Strike 0-1: Ball 1-1: Called Strike 1-2: Strikes out swinging
|
Batting: SHB Jose Ramirez
|
0-0: Called Strike 0-1: Ball 1-1: Ball 2-1: Ball 3-1: Base on Balls
|
Batting: LHB Christian Yelich
|
0-0: Called Strike 0-1: Called Strike 0-2: Foul Ball, location: 2F 0-2: Ball 1-2: Strikes out swinging
|
Top of the 7th over - 0 runs, 0 hits, 0 errors, 1 left on base; Cleveland 4 - Baltimore 1 |
BOTTOM OF THE 7TH |
Baltimore Orioles batting - Pitching for Cleveland Indians : RHP Max Scherzer
|
Pitching: RHP David Robertson
|
|
Batting: RHB A.J. Ellis
|
0-0: Ball 1-0: Swinging Strike 1-1: Ground out 4-3 (Groundball, 4D, EV 97.5 MPH)
|
Batting: RHB Albert Almora
|
0-0: Called Strike 0-1: Ball 1-1: Ball 2-1: Foul Ball, location: 2F 2-2: Foul Ball, location: 2F 2-2: Ball 3-2: Base on Balls
|
Pitching: RHP Kirby Yates
|
|
Batting: LHB Daniel Murphy
|
0-0: Ball 1-0: SINGLE (Line Drive, 7S, EV 93.8 MPH) Albert Almora to second
|
Batting: SHB Asdrubal Cabrera
|
0-0: Grounds out, U3 (Groundball, 3L, EV 95.6 MPH) Albert Almora to third
|
Batting: RHB Andrew McCutchen
|
0-0: Ball 1-0: Swinging Strike 1-1: Ball 2-1: Called Strike 2-2: Foul Ball, location: 2F 2-2: Fly out, F9 (Flyball, 89S, EV 83.8 MPH)
|
Bottom of the 7th over - 0 runs, 1 hit, 0 errors, 2 left on base; Cleveland 4 - Baltimore 1 |
TOP OF THE 8TH |
Cleveland Indians batting - Pitching for Baltimore Orioles : LHP Justin Wilson
|
Pitching: RHP Tim Peterson
|
|
Batting: RHB J.D. Martinez
|
0-0: Foul Ball, location: 2F 0-1: Ball 1-1: Foul Ball, location: 2F 1-2: Ball 2-2: Ground out 4-3 (Groundball, 4, EV 81.3 MPH)
|
Batting: LHB Matt Carpenter
|
0-0: Called Strike 0-1: Ball 1-1: Foul Ball, location: 2F 1-2: Ball 2-2: Foul Ball, location: 2F 2-2: Strikes out swinging
|
Batting: RHB Mitch Garver
|
0-0: Called Strike 0-1: Ball 1-1: Foul Ball, location: 2F 1-2: Ball 2-2: Ball 3-2: Foul Ball, location: 2F 3-2: DOUBLE (Line Drive, 7LS, EV 105.6 MPH)
|
Batting: RHB Steven Souza Jr.
|
0-0: Ball 1-0: Foul Ball, location: 2F 1-1: Ball 2-1: Ball 3-1: Called Strike 3-2: Strikes out looking
|
Top of the 8th over - 0 runs, 1 hit, 0 errors, 1 left on base; Cleveland 4 - Baltimore 1 |
BOTTOM OF THE 8TH |
Baltimore Orioles batting - Pitching for Cleveland Indians : RHP Kirby Yates
|
Pitching: RHP Hector Rondon
|
|
Batting: LHB Joey Votto
|
0-0: Ball 1-0: Ball 2-0: SINGLE (Line Drive, 89S, EV 95.0 MPH)
|
Batting: LHB Nomar Mazara
|
0-0: Fly out, F9 (Flyball, 89S, EV 93.1 MPH)
|
Batting: LHB Shohei Ohtani
|
0-0: Ball 1-0: Called Strike 1-1: Foul Ball, location: 2F 1-2: Foul Ball, location: 2F 1-2: Foul Ball, location: 2F 1-2: Ball 2-2: Ground out 3-1 (Groundball, 3S, EV 83.8 MPH) Joey Votto to second
|
Batting: RHB Maikel Franco
|
0-0: SINGLE (Line Drive, 8RS, EV 101.3 MPH) Joey Votto to third Runner from 3rd tries for Home, SAFE, no throw by RF
|
Batting: RHB A.J. Ellis
|
0-0: Ball 1-0: Foul Ball, location: 2F 1-1: Foul Ball, location: 2F 1-2: Foul Ball, location: 2F 1-2: Ball 2-2: Ball 3-2: Fly out, F8 (Flyball, 8RM, EV 84.4 MPH)
|
Bottom of the 8th over - 1 run, 2 hits, 0 errors, 1 left on base; Cleveland 4 - Baltimore 2 |
TOP OF THE 9TH |
Cleveland Indians batting - Pitching for Baltimore Orioles : RHP Tim Peterson
|
Pitching: LHP Danny Duffy
|
|
Batting: RHB Marcus Semien
|
0-0: Ball 1-0: Swinging Strike 1-1: Ball 2-1: Foul Ball, location: 2F 2-2: Strikes out looking
|
Batting: RHB Matt Chapman
|
0-0: DOUBLE (Flyball, 78XD, EV 108.8 MPH)
|
Pitching: RHP Carlos Estevez
|
|
Batting: LHB Adam Frazier
|
0-0: Ground out 5-3 (Groundball, 5, EV 88.8 MPH)
|
Batting: SHB Jose Ramirez
|
0-0: Ball Passed Ball! Matt Chapman to third 1-0: Foul Ball, location: 2F 1-1: Ground out U3 (Groundball, 3L, EV 95.0 MPH)
|
Top of the 9th over - 0 runs, 1 hit, 0 errors, 1 left on base; Cleveland 4 - Baltimore 2 |
BOTTOM OF THE 9TH |
Baltimore Orioles batting - Pitching for Cleveland Indians : RHP Hector Rondon
|
Pitching: RHP Dellin Betances
|
|
Batting: RHB Albert Almora
|
0-0: Ball 1-0: Called Strike 1-1: Swinging Strike 1-2: Strikes out looking
|
Batting: LHB Daniel Murphy
|
0-0: Called Strike 0-1: Swinging Strike 0-2: Hit by Pitch
|
Batting: SHB Asdrubal Cabrera
|
0-0: Foul Ball, location: 2F 0-1: Ball 1-1: Foul Ball, location: 2F 1-2: Strikes out looking
|
Batting: RHB Andrew McCutchen
|
0-0: Called Strike 0-1: Ball 1-1: DOUBLE (Flyball, 7LD, EV 113.8 MPH) Daniel Murphy to third
|
Batting: LHB Joey Votto
|
0-0: Ball 1-0: Swinging Strike 1-1: Called Strike 1-2: Ball 2-2: Ball 3-2: Base on Balls
|
Batting: LHB Nomar Mazara
|
0-0: Ball 1-0: Called Strike 1-1: Called Strike 1-2: Strikes out looking
|
Bottom of the 9th over - 0 runs, 1 hit, 0 errors, 3 left on base; Cleveland 4 - Baltimore 2 |
|